 Dungeon Crawl Stone Soup version 0.29-a0-284-gf9362112df (webtiles) character file.

Game seed: 14607405476128971920

6727 spaghetti the Reanimator (level 10, -1/92 HPs)
             Began as a Deep Dwarf Transmuter on Mar 24, 2022.
             Was an Elder of Sif Muna.
             Slain by a shadow (27 damage)
             ... on level 10 of the Dungeon.
             The game lasted 00:45:36 (10015 turns).

spaghetti the Reanimator (Deep Dwarf Transmuter)   Turns: 10015, Time: 00:45:36

Health: -1/92      AC:  8    Str: 13    XL:     10   Next: 74%
Magic:  14/16 (7)  EV: 18    Int: 19    God:    Sif Muna [****..]
Gold:   369        SH:  8    Dex: 13    Spells: 2/18 levels left

rFire   . . .      SeeInvis .   B - +1 morningstar (venom) {mace}
rCold   . . .      Faith    +   o - +0 buckler
rNeg    . . .      Spirit   .   h - +1 leather armour {Will+}
rPois   .          Reflect  .   l - +1 hat
rElec   .          Harm     .   (no cloak)
rCorr   .          Rampage  .   M - +0 pair of gloves
Will    ++...                   (no boots)
Stlth   +++.......              d - amulet of faith {!P}
HPRegen 0.00/turn               j - ring of magical power
MPRegen 0.15/turn               w - +4 ring of evasion

@: wereblooded
A: damage resistance, heal wounds, sense surroundings 2, no regeneration,
iridescent scales 1, large bone plates 1
a: Heal Wounds, Renounce Religion, Channel Magic, Forget Spell, Divine Exegesis


You were on level 10 of the Dungeon.
You worshipped Sif Muna.
Sif Muna was greatly pleased with you.
You visited 1 branch of the dungeon, and saw 10 of its levels.
You also visited: Ossuary.

You collected 521 gold pieces.
You spent 152 gold pieces at shops.


Innate Abilities, Weirdness & Mutations

You are resistant to damage.
You can heal yourself by infusing magical energy.
You passively map the area around you.
You do not regenerate.
You are partially covered in iridescent scales. (AC +2)
You are partially covered in large bone plates. (SH +4)


   Skills:
 + Level 6.3 Fighting
 + Level 7.8 Dodging
 - Level 5.0 Stealth
 - Level 2.0 Shields
 - Level 2.6 Unarmed Combat
 + Level 4.5 Spellcasting
 + Level 10.7 Necromancy
 + Level 4.6 Transmutations
 + Level 3.0 Earth Magic
 - Level 2.1 Invocations


You had 2 spell levels left.
You knew the following spells:

 Your Spells              Type           Power      Damage    Failure   Level
a - Beastly Appendage     Tmut           42%        N/A       3%          1
b - Wereblood             Tmut           21%        N/A       4%          2
c - Corpse Rot            Necr/Air       48%        N/A       3%          2
d - Dispel Undead         Necr           45%        3d17      2%          4
e - Swiftness             Air            4%         N/A       56%         3
f - Petrify               Tmut/Erth      18%        N/A       43%         4

Your spell library contained the following spells:

 Spells                   Type           Power      Damage    Failure   Level
 Passwall                 Tmut/Erth      15%        N/A       7%          2
 Magic Dart               Conj           16%        1d3       22%         1
 Ensorcelled Hibernation  Hex/Ice        8%         N/A       34%         2
 Scorch                   Fire           8%         2d5       34%         2
 Searing Ray              Conj           8%         2d4       34%         2
 Spider Form              Tmut/Pois      13%        N/A       26%         3
 Stone Arrow              Conj/Erth      20%        3d8       36%         3
 Death Channel            Necr           22%        N/A       38%         6
 Call Canine Familiar     Summ           4%         N/A       56%         3
 Portal Projectile        Hex/Tloc       8%         N/A       56%         3
 Ice Form                 Ice/Tmut       13%        N/A       65%         4
 Animate Armour           Summ/Erth      20%        N/A       77%         4
 Leda's Liquefaction      Hex/Erth       5%         N/A       77%         4
 Flame Wave               Conj/Fire      4%         2d5       92%         4
 Fulminant Prism          Conj/Hex       2%         3d6       92%         4
 Metabolic Englaciation   Hex/Ice        2%         N/A       99%         5
 Dispersal                Tloc           2%         N/A       100%        6
 Statue Form              Tmut/Erth      12%        N/A       100%        6
 Summon Cactus Giant      Summ           2%         N/A       100%        6
 Disjunction              Tloc           2%         N/A       100%        8
 Lehudib's Crystal Spear  Conj/Erth      5%         10d3      100%        8

Inventory:

Hand Weapons
 e - a +0 dagger {short}
   (You took it off a goblin on level 1 of the Dungeon)
 k - a +0 hand axe {axe}
   (You found it on level 1 of the Dungeon)
 m - a +0 club {mace}
   (You found it on level 1 of the Dungeon)
 u - a +0 whip of holy wrath {mace}
   (You took it off a kobold on level 3 of the Dungeon)
 v - a +0 whip of freezing {mace}
   (You found it on level 4 of the Dungeon)
 B - a +1 morningstar of venom (weapon) {mace}
   (You bought it in a shop on level 6 of the Dungeon)
 K - a +5 spear {polearm}
   (You took it off a wight on level 9 of the Dungeon)
 N - a +1 vorpal hand axe {axe}
   (You found it on level 9 of the Dungeon)
 O - the +5 glaive "Wugutuxi" {distort, Dex+2, polearm}
   (You found it on level 9 of the Dungeon)

   It warps and distorts space around it, and may blink, banish, or inflict
   extra damage upon those it strikes.
   Unwielding it can cause banishment or high damage.
   Dex:       It affects your dexterity (+2).
Missiles
 g - 295 stones (quivered) {throwing}
 i - 30 poisoned darts {throwing}
 r - a boomerang {throwing}
Armour
 h - a +1 leather armour of willpower (worn)
   (You took it off an orc on level 3 of the Dungeon)
 l - a +1 hat (worn)
   (You found it on level 6 of the Dungeon)
 o - a +0 buckler (worn)
   (You found it on level 2 of the Dungeon)
 M - a +0 pair of gloves (worn)
   (You found it on level 9 of the Dungeon)
Jewellery
 d - an amulet of faith (around neck) {!P}
   (You found it on level 1 of the Dungeon)
 f - a ring of flight
   (You found it on level 3 of the Dungeon)
 j - a ring of magical power (left hand)
   (You found it on level 1 of the Dungeon)
 n - a +6 ring of strength
   (You took it off a hobgoblin on level 3 of the Dungeon)
 s - an amulet of magic regeneration {@e2}
   (You found it on level 3 of the Dungeon)
 t - an amulet of guardian spirit
   (You found it on level 3 of the Dungeon)
 w - a +4 ring of evasion (right hand)
   (You found it on level 4 of the Dungeon)
 y - a ring of resist corrosion
   (You found it on level 8 of the Dungeon)
 L - an amulet of reflection
   (You found it on level 9 of the Dungeon)
Wands
 p - a wand of polymorph (4)
   (You took it off Terence on level 2 of the Dungeon)
 q - a wand of digging (5)
   (You took it off an orc on level 3 of the Dungeon)
 I - a wand of iceblast (1)
   (You found it on level 9 of the Dungeon)
Scrolls
 b - 2 scrolls of fear
 c - 2 scrolls of enchant armour
 x - 2 scrolls of fog
 z - 8 scrolls of identify {@r1}
 A - 4 scrolls of teleportation {@r4}
 E - 2 scrolls of amnesia
 F - a scroll of noise {!r}
 G - 2 scrolls of vulnerability {!r!r}
 H - a scroll of magic mapping {!r}
Potions
 a - a potion of resistance
 C - 2 potions of attraction {!q}
 D - a potion of flight
 P - a potion of haste {@q3}
 Q - a potion of curing {@q1}
Miscellaneous
 J - a lightning rod (4/4)
   (You found it on level 9 of the Dungeon)

Dungeon Overview and Level Annotations

Branches:
Dungeon (10/15)            Temple (0/1) D:6             Orc (0/2) D:9
Ossuary (visited)
   Lair: D:8-11

Altars:
Sif Muna

Shops:
D:6 *

Annotations:
D:2 1 runed translucent door, Crazy Yiuf
D:4 Sigmund
D:6 2 runed translucent doors
D:7 1 exclusion, Maggie
D:9 2 transporters, sammy202020's ghost, novice GrBe
D:10 exclusion: door

, , * * , * * ** ##### ###***, ,
,,* ....# #.. , #W#...# ###.#
#.# #.#.#.# #.# #.####,##.....#
** #.# #....#.##..... # #.#
#.)Z.Z.......**,* ###.# #.@).#,
#.#.#* * .##.# #.#{## #.#.###.#
#...# ####.#.##.##.......# #.###
#....)....####'##### #.#
#.#########.......# #.# #.####
#.#.##..# #.## #.##.##
##...##..##
...#########.#...####..##.....#
..................>.'..#.#....+,


You could see a centaur zombie and a centaur warrior zombie.


Message History

You are too injured to fight recklessly!
You are too injured to fight recklessly!
Unknown command.
You puncture the kobold!
You feel a bit better.
You kill the kobold!
Sif Muna accepts your kill.
The shadow slips into darkness.
The shadow flickers and vanishes!
Deactivating autopickup; reactivate with Ctrl-A.
The kobold completely misses you. 😮 HP[+1]
You closely miss the kobold.
The centaur zombie hits you but does no damage.
You block the centaur zombie's attack. You block the kobold's attack.
The shadow strikes at you from the darkness!
Reactivating autopickup.
The centaur zombie misses you. The centaur zombie barely misses you.
The kobold misses you.
The shadow slips into darkness.
The shadow flickers and vanishes!
Deactivating autopickup; reactivate with Ctrl-A.
You hit the kobold.
You feel a bit better.
You kill the kobold!
Sif Muna accepts your kill.
Your primal bloodlust has ended.
You block the centaur zombie's attack. The centaur zombie misses you.
The shadow strikes at you from the darkness!
Reactivating autopickup.
The centaur zombie barely misses you. x2 😮 HP[-12]
You take 12 damage, and now have 57/92 hp.
Unknown command.
You hit the shadow but do no damage.
The centaur zombie completely misses you.
The centaur zombie kicks you but does no damage.
You block the shadow's attack. The centaur zombie misses you.
The centaur zombie kicks you but does no damage.
You block the shadow's attack.
You closely miss the shadow. You block the centaur zombie's attack.
The centaur zombie closely misses you.
The shadow slips into darkness.
The shadow flickers and vanishes!
Deactivating autopickup; reactivate with Ctrl-A.
You block the centaur zombie's attack. The centaur zombie misses you.
You hit something. The centaur zombie barely misses you.
You block the centaur zombie's attack.
The shadow strikes at you from the darkness!
* * * LOW HITPOINT WARNING * * *
Reactivating autopickup.
The centaur zombie misses you. The centaur zombie barely misses you.
The shadow hits you. 😨 HP[-13]
You take 13 damage, and now have 44/92 hp.
You closely miss the shadow. The centaur zombie barely misses you.
The centaur zombie completely misses you.
The shadow slips into darkness.
The shadow flickers and vanishes!
Deactivating autopickup; reactivate with Ctrl-A.
The centaur zombie completely misses you.
The centaur zombie kicks you but does no damage.
The shadow strikes at you from the darkness!
* * * LOW HITPOINT WARNING * * *
Reactivating autopickup. 😨 HP[-11]
You take 11 damage, and now have 33/92 hp.
You hit the shadow. The centaur zombie misses you.
The centaur zombie kicks you but does no damage.
The centaur zombie hits you but does no damage.
The centaur zombie misses you. The shadow completely misses you.
You hit the shadow but do no damage. The centaur zombie barely misses you.
The centaur zombie kicks you. The shadow closely misses you.
The centaur zombie closely misses you. The centaur zombie kicks you.
The shadow hits you.
* * * LOW HITPOINT WARNING * * *
😨 HP[-5]
You take 5 damage, and now have 28/92 hp.
Casting: Beastly Appendage (safe; 3% risk of failure)
Confirm with . or Enter, or press ? or * to list all spells.
Your blood is infused with primal strength.
The centaur zombie misses you. You block the centaur zombie's attack.
A centaur warrior zombie comes into view.
You block the shadow's attack. The centaur zombie hits you.
The centaur zombie kicks you but does no damage. 😨 MP[-2]
You lost 2 mp, and now have 14/16 mp.
You hit the shadow. You block the centaur zombie's attack.
The centaur zombie kicks you. The shadow misses you.
The centaur zombie hits you.
* * * LOW HITPOINT WARNING * * *
The centaur zombie completely misses you. 😨 HP[-2]
You take 2 damage, and now have 26/92 hp.
You barely miss the shadow.
The shadow slips into darkness.
The shadow flickers and vanishes!
Deactivating autopickup; reactivate with Ctrl-A.
The centaur zombie hits you but does no damage.
The centaur zombie kicks you.
The shadow strikes at you from the darkness!
You die...

Skill      XL: |  1  2  3  4  5  6  7  8  9 10 |
---------------+-------------------------------+-----
Transmutations | 2 3 4 |  4.6
Stealth        | 1 2 3 4 5 |  5.0
Shields        | 1 2 |  2.0
Fighting       | 1 2 3 5 6 |  6.3
Necromancy     | 2 3 4 8 9 10 | 10.7
Dodging        | 3 4 6 7 |  7.8
Invocations    | 1 2 |  2.1
Spellcasting   | 3 4 |  4.5
Earth Magic    | 3 |  3.0
Unarmed Combat | |  2.6

Action                   |  1- 3 |  4- 6 |  7- 9 | 10-12 || total
-------------------------+-------+-------+-------+-------++-------
Melee: Unarmed           |    41 |       |       |       ||    41
       Headbutt          |     7 |    21 |    45 |    27 ||   100
       Hand axe          |    71 |   212 |    75 |       ||   358
       Kick              |     9 |    40 |    80 |    34 ||   163
       Punch             |     1 |       |       |       ||     1
       Whip              |       |       |   276 |       ||   276
       Morningstar       |       |       |   173 |   149 ||   322
       Spear             |       |       |       |    81 ||    81
Throw: Stone             |     9 |    39 |    63 |     5 ||   116
       Throwing net      |       |       |     1 |       ||     1
 Cast: Beastly Appendage |    15 |    29 |    39 |    15 ||    98
       Wereblood         |    10 |    28 |    49 |    21 ||   108
       Dispel Undead     |       |       |     5 |       ||     5
       Corpse Rot        |       |       |     1 |     2 ||     3
 Abil: Heal Wounds       |     1 |     7 |    30 |    10 ||    48
Evoke: Wand              |       |       |       |     2 ||     2
       Lightning rod     |       |       |       |     1 ||     1
  Use: Potion            |     2 |     2 |    12 |     1 ||    17
       Scroll            |       |    11 |    10 |     1 ||    22
 Stab: Sleeping          |     1 |     1 |     1 |     1 ||     4
       Distracted        |       |       |     1 |     1 ||     2
Armor: Robe              |    22 |    33 |       |       ||    55
       Skin              |    10 |       |     4 |       ||    14
       Leather armour    |       |     4 |   132 |    47 ||   183
Dodge: Dodged            |    65 |   196 |   487 |   216 ||   964
Block: Buckler           |    10 |    55 |   186 |   122 ||   373

Levels and vault maps discovered:
D:1:      scummos_arrival_forest, layout_loops_ring
D:2:      layout_loops_ring, minmay_pentomino_z2, uniq_jessica,
          uniq_crazy_yiuf_cottage, uniq_terence
D:3:      lemuel_castle_with_subvaults [lemuel_castle_interior_carwin_2],
          layout_loops_cross, nicolae_ecumenical_lake_church
D:4:      layout_layer_cave, uniq_sigmund
D:5:      layout_basic, serial_shops, nicolae_shop_behind_doors,
          nicolae_ossuary_entry_plus
D:6:      lemuel_insect_pit, layout_layer_cave, minmay_temple_entry_statues,
          gup_sewer_entry_glass, nicolae_specific_store, uniq_menkaure
D:7:      nzn_winding_woodlands_large [nzn_winding_woodlands_5x5_cross,
          nzn_winding_woodlands_5x15_lazy_stream,
          nzn_winding_woodlands_5x5_closed_star,
          nzn_winding_woodlands_center_diamonds,
          nzn_winding_woodlands_15x15_eel_pit,
          nzn_winding_woodlands_center_lodge,
          nzn_winding_woodlands_5x5_checkerboard,
          nzn_winding_woodlands_5x15_river_crossing,
          nzn_winding_woodlands_5x5_perimeter], layout_loops_ring,
          minmay_misc_feat_room, kennysheep_generic_room_13, uniq_maggie
D:8:      layout_rooms
D:9:      layout_loops_corners, orc_0_dummy, gammafunk_ghost_arena,
          enter_bailey_2
D:10:     statuecave_lemuel, layout_loops_corners,
          nicolae_yredelemnul_corpse_copse, minmay_misc_feat_square

Notes
Turn   | Place    | Note
-------+----------+-------------------------------------------
     0 | D:1      | spaghetti the Deep Dwarf Transmuter began the quest for the
                  | Orb.
     0 | D:1      | Reached XP level 1. HP: 16/16 MP: 3/3
     0 | D:1      | magus.rc [v1.9.6]
    34 | D:1      | Reached skill level 2 in Transmutations
   172 | D:1      | Reached XP level 2. HP: 22/24 MP: 4/4
   854 | D:1      | Learned a level 2 spell: Wereblood
   867 | D:2      | HP: 2/24 [worm (6)]
   872 | D:2      | Reached skill level 3 in Transmutations
  1003 | D:2      | Reached skill level 1 in Stealth
  1003 | D:2      | Reached XP level 3. HP: 28/30 MP: 5/5
  1201 | D:2      | Noticed Terence
  1223 | D:2      | Killed Terence
  1224 | D:2      | Reached skill level 1 in Shields
  1296 | D:2      | Noticed Jessica
  1320 | D:2      | Killed Jessica
  1321 | D:2      | Reached skill level 2 in Stealth
  1321 | D:2      | Reached XP level 4. HP: 23/37 MP: 6/6
  1688 | D:2      | You pick up a book of Decay and begin reading...
  1688 | D:2      | You add the spells Corpse Rot, Dispel Undead and Death
                  | Channel to your library.
  1730 | D:2      | Reached skill level 1 in Fighting
  2054 | D:2      | Found a runed translucent door.
  2055 | D:2      | Noticed Crazy Yiuf
  2313 | D:3      | Reached XP level 5. HP: 39/44 MP: 7/7
  2319 | D:3      | Reached skill level 2 in Shields
  2355 | D:3      | Reached skill level 1 in Necromancy
  2430 | D:3      | HP: 16/66 [orc/+0 flail (4)]
  2435 | D:3      | Reached skill level 3 in Stealth
  2689 | D:3      | Found a faded altar of an unknown god.
  2701 | D:3      | Learned a level 2 spell: Corpse Rot
  3073 | D:3      | Reached skill level 2 in Necromancy
  3073 | D:3      | Reached XP level 6. HP: 44/51 MP: 8/8
  3171 | D:3      | Reached skill level 3 in Dodging
  3200 | D:3      | Reached skill level 4 in Transmutations
  3218 | D:3      | Reached skill level 2 in Fighting
  3223 | D:3      | HP: 7/52 [gnoll/+0 halberd (7)]
  3223 | D:3      | HP: 3/52 [orc/+0 war axe (4)]
  3451 | D:4      | HP: 9/52 [iguana (9)]
  3477 | D:3      | Reached skill level 3 in Necromancy
  3541 | D:3      | HP: 11/52 [hound (4)]
  3546 | D:3      | HP: 10/52 [hound (3)]
  3601 | D:3      | Reached XP level 7. HP: 28/60 MP: 8/8
  3609 | D:3      | Reached skill level 4 in Stealth
  3622 | D:3      | Learned a level 4 spell: Dispel Undead
  3797 | D:3      | You pick up a book of Conjurations {@e2} and begin
                  | reading...
  3797 | D:3      | You add the spells Magic Dart, Searing Ray and Fulminant
                  | Prism to your library.
  3886 | D:4      | Noticed Sigmund
  3922 | D:3      | Prayed at the altar of an unknown god.
  3922 | D:3      | Became a worshipper of Sif Muna the Loreminder
  3922 | D:3      | Reached * piety under Sif Muna
  4161 | D:4      | You pick up a book of Scorching and begin reading...
  4161 | D:4      | You add the spells Scorch, Flame Wave and Summon Cactus
                  | Giant to your library.
  4534 | D:4      | Reached skill level 4 in Necromancy
  4588 | D:5      | Entered Level 5 of the Dungeon
  4706 | D:5      | Found a sand-covered staircase.
  4713 | Ossuary  | Entered an ossuary
  4713 | Ossuary  | Noticed a wraith
  4713 | Ossuary  | Noticed a wraith
  4713 | Ossuary  | Noticed a wraith
  5070 | Ossuary  | HP: 7/61 [mummy (15)]
  5075 | Ossuary  | HP: 11/91 [mummy (9)]
  5239 | Ossuary  | Noticed a wraith
  5279 | Ossuary  | HP: 15/61 [wraith (8)]
  5283 | Ossuary  | HP: 7/61 [wraith (11)]
  5335 | Ossuary  | Killed a wraith
  5336 | Ossuary  | Reached skill level 1 in Invocations
  5453 | D:5      | HP: 12/61 [kobold brigand/+0 whip (8)]
  5461 | D:6      | Reached skill level 4 in Dodging
  5590 | D:6      | Found a staircase to the Ecumenical Temple.
  5655 | D:6      | Reached XP level 8. HP: 54/68 MP: 3/3
  5676 | D:6      | Reached skill level 3 in Fighting
  5676 | D:6      | Reached skill level 5 in Stealth
  5676 | D:6      | Reached skill level 2 in Invocations
  5689 | D:6      | Found a glowing drain.
  5876 | D:6      | You pick up a book of Burglary and begin reading...
  5876 | D:6      | You add the spells Passwall, Ensorcelled Hibernation and
                  | Swiftness to your library.
  5895 | D:6      | Noticed Menkaure
  5906 | D:6      | Killed Menkaure
  5907 | D:6      | Reached skill level 5 in Necromancy
  5912 | D:6      | Found a runed translucent door.
  6008 | D:6      | Found a runed translucent door.
  6182 | D:6      | Reached ** piety under Sif Muna
  6183 | D:6      | Reached skill level 6 in Necromancy
  6407 | D:6      | HP: 15/69 [yak (8)]
  6424 | D:6      | Reached skill level 7 in Necromancy
  6438 | D:6      | Reached skill level 8 in Necromancy
  6564 | D:6      | Found Enof's General Store.
  6569 | D:6      | Found Cifel's Specific Store.
  6594 | D:6      | Gained mutation: You passively map the area around you.
                  | [Deep Dwarf growth]
  6594 | D:6      | Reached XP level 9. HP: 28/76 MP: 4/4
  6598 | D:6      | Bought a potion of mutation for 104 gold pieces
  6598 | D:6      | Gained mutation: You are dopey. (Int -2) [potion of
                  | mutation]
  6598 | D:6      | Lost mutation: You are dopey. (Int -2) [potion of mutation]
  6598 | D:6      | Gained mutation: You are partially covered in iridescent
                  | scales. (AC +2) [potion of mutation]
  6598 | D:6      | Gained mutation: You are partially covered in large bone
                  | plates. (SH +4) [potion of mutation]
  6606 | D:6      | Bought a +0 morningstar for 48 gold pieces
  6995 | D:6      | You pick up a book of the Hunter and begin reading...
  6995 | D:6      | You add the spells Call Canine Familiar, Portal Projectile
                  | and Leda's Liquefaction to your library.
  7523 | D:7      | Reached skill level 5 in Dodging
  7600 | D:7      | Reached skill level 9 in Necromancy
  7689 | D:7      | Noticed Maggie
  7777 | D:8      | Reached skill level 4 in Fighting
  7777 | D:8      | Reached skill level 2 in Spellcasting
  8011 | D:8      | Reached skill level 6 in Dodging
  8018 | D:8      | Reached skill level 3 in Spellcasting
  8022 | D:8      | Learned a level 3 spell: Swiftness
  8038 | D:8      | You pick up a book of Armaments and begin reading...
  8038 | D:8      | You add the spells Stone Arrow, Animate Armour and
                  | Lehudib's Crystal Spear to your library.
  8228 | D:8      | Reached skill level 5 in Fighting
  8242 | D:8      | Reached *** piety under Sif Muna
  8419 | D:9      | Reached XP level 10. HP: 51/88 MP: 7/7
  8427 | D:9      | Reached skill level 10 in Necromancy
  8429 | D:9      | HP: 21/88 [yak (8)]
  8504 | D:9      | Noticed a centaur warrior
  8504 | D:9      | Noticed sammy202020's ghost (novice GrBe)
  8505 | D:9      | Found a transporter.
  8507 | D:9      | Found a transporter.
  8680 | D:9      | You pick up a book of the Warp and begin reading...
  8680 | D:9      | You add the spells Dispersal and Disjunction to your
                  | library.
  8687 | D:9      | magus.rc [v1.9.6]
  8801 | D:9      | Reached skill level 7 in Dodging
  8953 | D:9      | Found a staircase to the Orcish Mines.
  9052 | D:9      | Reached skill level 4 in Spellcasting
  9246 | D:9      | Identified the +5 glaive "Wugutuxi" {distort, Dex+2}
  9366 | D:9      | You pick up a book of Sloth and begin reading...
  9366 | D:9      | You add the spells Petrify, Metabolic Englaciation and
                  | Statue Form to your library.
  9372 | D:9      | Learned a level 4 spell: Petrify
  9461 | D:10     | Entered Level 10 of the Dungeon
  9534 | D:10     | Reached skill level 6 in Fighting
  9534 | D:10     | Reached skill level 1 in Earth Magic
  9537 | D:10     | HP: 17/91 [yak (6)]
  9554 | D:10     | HP: 17/91 [yak (11)]
  9564 | D:10     | Reached skill level 2 in Earth Magic
  9716 | D:10     | Reached **** piety under Sif Muna
  9789 | D:10     | Reached skill level 3 in Earth Magic
 10015 | D:10     | Slain by a shadow

Vanquished Creatures
  19 yaks
  A wraith (Ossuary)
  A wyvern (D:9)
  A steam dragon (D:9)
  Menkaure (D:6)
  3 ice beasts
  2 sky beasts
  6 centaurs
  5 kobold brigands
  A bullfrog (D:6)
  3 necrophages
  3 wights (D:9)
  13 killer bees
  7 howler monkeys
  A jelly (D:3)
  3 hounds (D:3)
  2 gnoll shamans
  4 orc priests
  Jessica (D:2)
  Terence (D:2)
  4 iguanas
  2 orc wizards (D:9)
  3 mummies (Ossuary)
  16 gnolls
  8 adders
  2 white imps
  3 ufetubi
  2 worms (D:2)
  3 dart slugs
  24 orcs
  6 ball pythons
  4 bats
  12 endoplasms
  2 giant cockroaches
  11 hobgoblins
  21 jackals
  26 kobolds
  3 quokkas
  3 frilled lizards
  3 goblins
  3 goblin zombies (Ossuary)
  3 hobgoblin zombies (Ossuary)
  4 kobold zombies (Ossuary)
  6 rats
252 creatures vanquished.

Vanquished Creatures (others)
  An orc wizard (D:8)
  5 plants (D:7)
6 creatures vanquished.

Grand Total: 258 creatures vanquished

Table legend:
 A = Non-vault XP
 B = Vault XP
 C = Vault XP percentage of total XP
 D = Non-vault monster count
 E = Vault monster count
 F = Vault count percentage of total count
                 A         B        C        D         E       F
            +---------+---------+-------+---------+---------+-------
      Total |    8255 |    1355 |  14.1 |     180 |      72 |  28.6
            +---------+---------+-------+---------+---------+-------
        D:1 |      28 |       0 |   0.0 |      18 |       0 |   0.0
        D:2 |      78 |      79 |  50.3 |      27 |       4 |  12.9
        D:3 |     134 |     581 |  81.3 |      23 |      49 |  68.1
        D:4 |      86 |       0 |   0.0 |       9 |       0 |   0.0
        D:5 |      12 |       0 |   0.0 |       2 |       0 |   0.0
        D:6 |    1394 |     270 |  16.2 |      17 |       2 |  10.5
        D:7 |     339 |     149 |  30.5 |       7 |       3 |  30.0
        D:8 |    1872 |       0 |   0.0 |      26 |       0 |   0.0
        D:9 |    2207 |       0 |   0.0 |      19 |       0 |   0.0
       D:10 |    2105 |       0 |   0.0 |      32 |       0 |   0.0
    Ossuary |       0 |     276 | 100.0 |       0 |      14 | 100.0
            +---------+---------+-------+---------+---------+-------

Illustrated notes

Table legend:
 A = Kills in this place as a percentage of kills in entire the game.
 B = Kills by you in this place as a percentage of kills by you in the entire game.
 C = Kills by friends in this place as a percentage of kills by friends in the entire game.
 D = Other kills in this place as a percentage of other kills in the entire game.
 E = Experience gained in this place as a percentage of experience gained in the entire game.
 F = Experience gained in this place divided by the number of levels of this place that you have seen.
                   A       B       C       D       E      F
               +-------+-------+-------+-------+-------+----------------------
         Total | 100.0 | 100.0 |   N/A |   N/A | 100.0 | 873.6
       Dungeon |  94.4 |  94.4 |   N/A |   N/A |  97.1 | 933.4
       Ossuary |   5.6 |   5.6 |   N/A |   N/A |   2.9 | 276.0
               +-------+-------+-------+-------+-------+----------------------

Table legend: (Time is in decaauts)
 A = Elapsed time spent in this place.
 B = Non-inter-level travel time spent in this place.
 C = Inter-level travel time spent in this place.
 D = Time resting spent in this place.
 E = Time spent auto-exploring this place.
 F = Levels seen in this place.
 G = Mean time per level.
                   A        B        C        D        E       F      G
               +--------+--------+--------+--------+--------+-----+--------+
         Total |  10485 |  10109 |    376 |    669 |   6259 |  11 |  953.2 |
       Dungeon |   9700 |   9324 |    376 |    569 |   5890 |  10 |  970.0 |
       Ossuary |    784 |    784 |      0 |    100 |    369 |   1 |  784.0 |
               +--------+--------+--------+--------+--------+-----+--------+

Top non-repeatable levels by time:
     D:3: 1762 daAuts
     D:6: 1755 daAuts
     D:2: 1558 daAuts
     D:9: 1126 daAuts
     D:1: 861 daAuts
 Ossuary: 784 daAuts
     D:8: 698 daAuts
    D:10: 611 daAuts
     D:7: 572 daAuts
     D:4: 547 daAuts
     D:5: 207 daAuts
